 Dungeon Crawl Stone Soup version 0.27-a0-988-g25969acef8 (webtiles) character file.

Game seed: 53703849601078459

175 senseless the Chopper (level 5, -5/44 HPs)
             Began as a Palentonga Berserker on Apr 15, 2021.
             Was a Believer of Trog.
             Slain by a wyvern (13 damage)
             ... on level 3 of the Dungeon.
             The game lasted 00:04:56 (2624 turns).

senseless the Chopper (Palentonga Berserker)        Turns: 2624, Time: 00:04:57

Health: -5/44      AC:  5    Str: 21    XL:     5   Next: 29%
Magic:  5/5        EV: 10    Int:  7    God:    Trog [**....]
Gold:   147        SH:  0    Dex: 10    Spells: 4/4 levels left

rFire    . . .     SeeInvis +   a - +0 hand axe
rCold    . . .     Faith    .   (no shield)
rNeg     . . .     Spirit   .   b - +1 animal skin
rPois    .         Reflect  .   (no helmet)
rElec    .         Harm     .   (no cloak)
rCorr    .         Rampage  .   (no gloves)
Will     .....                  (no barding)
Stlth    +.........             (no amulet)
HPRegen  0.14/turn              (no ring)
MPRegen  0.09/turn              (no ring)

@: no status effects
A: large, rugged brown scales 3, see invisible, deformed body, roll 1, armoured
tail
a: Rolling Charge, Renounce Religion, Berserk, Trog's Hand


You were on level 3 of the Dungeon.
You worshipped Trog.
Trog was pleased with you.
You visited 1 branch of the dungeon, and saw 3 of its levels.

You collected 147 gold pieces.

Inventory:

Hand Weapons
 a - a +0 hand axe (weapon)
 c - a +2 dagger of venom
Missiles
 f - 2 throwing nets
Armour
 b - a +1 animal skin (worn)
 d - a +0 plate armour
Jewellery
 e - a ring of fire
Scrolls
 g - 2 scrolls of identify
 i - a scroll of fog {unknown}
Potions
 h - a potion of heal wounds


   Skills:
 + Level 4.1 Fighting
 + Level 4.7 Axes
 + Level 1.6 Armour
 + Level 2.2 Dodging
 + Level 0.4 Stealth


You had 4 spell levels left.
You didn't know any spells.
Your spell library was empty.

Dungeon Overview and Level Annotations

Branches:
Dungeon (3/15)

Altars:


Innate Abilities, Weirdness & Mutations

You are completely covered in rugged brown scales. (AC +3, +7% HP)
You have supernaturally acute eyesight. (SInv)
Armour fits poorly on your strangely shaped body.
You can roll at nearby foes to attack.
You have a long armoured tail.


Message History

Found an escape hatch in the ceiling.
You now have 147 gold pieces (gained 14).
You hear the rusting of a very distant drain.
An endoplasm comes into view.
The endoplasm quivers.
You roll forward with a clatter of scales!
You slash the endoplasm!
You kill the endoplasm!
Trog accepts your kill.
A hobgoblin comes into view.
The hobgoblin shouts!
You hear an angry hiss.
A wyvern comes into view.
A giant cockroach comes into view.
Found 24 arrows.
You roll forward with a clatter of scales!
You hit the wyvern.
The wyvern is moderately wounded.
You hear a shout! x2; You hear an angry hiss.
You hear a shout!
The wyvern bites you!
Found an escape hatch in the floor.
You barely miss the wyvern. You tail-slap the wyvern.
The wyvern is heavily wounded.
The wyvern bites you but does no damage.
The wyvern barely misses you.
You hit the wyvern.
The wyvern is heavily wounded.
You hit the hobgoblin. The wyvern barely misses you.
The wyvern hisses menacingly.
The wyvern bites you! The hobgoblin closely misses you.
You are too injured to fight recklessly!
The wyvern bites you.
You barely miss the wyvern.
You tail-slap the wyvern, but do no damage.
The wyvern is heavily wounded.
The wyvern bites you!
* * * LOW HITPOINT WARNING * * *
You barely miss the wyvern.
The wyvern is heavily wounded.
The wyvern bites you!
You die...

##.##..##
###.......#
.......#.##
#........
##......#
###.....#.#####
#......gB(.....
.>....#l#.####.
#.### #@# .. #.#
## #.# #.# #.# #.#
#.# ### #.#
#.##############.#


You could see a wyvern, a giant cockroach and a hobgoblin.

Vanquished Creatures
  An ogre (D:3)
  3 adders (D:2)
  2 dart slugs
  An orc (D:3)
  4 bats
  4 endoplasms
  4 goblins (D:1)
  4 hobgoblins
  4 jackals (D:2)
  3 kobolds
  A quokka (D:2)
  A ball python (D:1)
  5 frilled lizards
  23 rats
60 creatures vanquished.

Vanquished Creatures (others)
  6 toadstools (D:3)
6 creatures vanquished.

Grand Total: 66 creatures vanquished

Notes
Turn   | Place    | Note
-------+----------+-------------------------------------------
     0 | D:1      | senseless the Palentonga Berserker began the quest for the
                  | Orb.
     0 | D:1      | Reached XP level 1. HP: 19/19 MP: 1/1
   108 | D:1      | Reached XP level 2. HP: 16/25 MP: 2/2
   669 | D:1      | Reached ** piety under Trog
  1107 | D:1      | Found a faded altar of an unknown god.
  1380 | D:2      | Reached XP level 3. HP: 15/31 MP: 3/3
  1958 | D:2      | Reached XP level 4. HP: 38/39 MP: 4/4
  2332 | D:3      | Noticed an ogre
  2349 | D:3      | Killed an ogre
  2350 | D:3      | Reached XP level 5. HP: 15/44 MP: 5/5
  2616 | D:3      | Noticed a wyvern
  2624 | D:3      | Slain by a wyvern

Illustrated notes

Levels and vault maps discovered:
D:1:      saegor_arrival_simple_b, layout_basic, serial_corexii_hall,
          corexii_hall_statues_l, chequers_hall_statues_y,
          shapermc_ecumenical_altar_mp_vishouse, minmay_small_reverse_x
D:2:      layout_loops_ring, minmay_rat_hole
D:3:      cheibrodos_fertilizer, layout_loops_ring, cheibrodos_sewer_entry_bend,
          uniq_robin

Skill      XL: |  1  2  3  4 |
---------------+-------------+-----
Axes           | 4 |  4.7
Dodging        | 2 |  2.2
Fighting       | 4 |  4.1
Armour         | |  1.6
Stealth        | |  0.4

Action                   |  1- 3 |  4- 6 || total
-------------------------+-------+-------++-------
Melee: Hand axe          |   104 |    52 ||   156
       Tailslap          |    15 |     6 ||    21
 Abil: Rolling Charge    |    21 |     4 ||    25
  Use: Scroll            |     3 |     1 ||     4
       Potion            |     1 |       ||     1
Armor: Animal skin       |    38 |    16 ||    54
Dodge: Dodged            |    40 |    20 ||    60

Table legend: (Time is in decaauts)
 A = Elapsed time spent in this place.
 B = Non-inter-level travel time spent in this place.
 C = Inter-level travel time spent in this place.
 D = Time resting spent in this place.
 E = Time spent auto-exploring this place.
 F = Levels seen in this place.
 G = Mean time per level.
                   A        B        C        D        E       F      G
               +--------+--------+--------+--------+--------+-----+--------+
         Total |   2642 |   2554 |     88 |    475 |   1809 |   3 |  880.7 |
       Dungeon |   2642 |   2554 |     88 |    475 |   1809 |   3 |  880.7 |
               +--------+--------+--------+--------+--------+-----+--------+

Top non-repeatable levels by time:
     D:1: 1189 daAuts
     D:2: 1111 daAuts
     D:3: 341 daAuts
